 Dungeon Crawl Stone Soup version 0.27-a0-1139-g28e009f8a6 (webtiles) character file.

Game seed: 2514260967061971514

9604 freelancePsychic the Grappler (level 11, -10/103 HPs)
             Began as a Troll Monk on May 7, 2021.
             Was an Elder of Hepliaklqana.
             Mangled by a ten-headed hydra (16 damage)
             ... on level 11 of the Dungeon.
             The game lasted 00:23:28 (9425 turns).

freelancePsychic the Grappler (Troll Monk)          Turns: 9425, Time: 00:23:29

Health: -10/103    AC: 13    Str: 21    XL:     11   Next: 25%
Magic:  12/13      EV: 11    Int:  9    God:    Hepliaklqana [****..]
Gold:   872        SH:  0    Dex: 12    Spells: 10/10 levels left

rFire    . . .     SeeInvis .     - Unarmed
rCold    . . .     Faith    .   (no shield)
rNeg     . . .     Spirit   .   p - +5 robe "Ahais" {Rampage Fly rElec}
rPois    .         Reflect  .   t - +2 hat
rElec    +         Harm     .   d - +1 cloak
rCorr    .         Rampage  +   (gloves unavailable)
Will     +....                  (boots unavailable)
Stlth    ++........             (no amulet)
HPRegen  1.27/turn              z - ring of willpower
MPRegen  0.13/turn              (no ring)

@: flying
A: reduced essence, large, unfitting armour, claws 3, regeneration 1, shaggy fur
1, tough skin 1
a: Renounce Religion, Recall Ancestor, Ancestor Identity, Transference, Idealise


You were on level 11 of the Dungeon.
You worshipped Hepliaklqana.
Hepliaklqana was greatly pleased with you.
You visited 1 branch of the dungeon, and saw 11 of its levels.
You also visited: Sewer and Ossuary.

You collected 872 gold pieces.

Inventory:

Missiles
 s - 4 throwing nets
 I - 2 boomerangs of dispersal
Armour
 d - a +1 cloak (worn)
 p - the +5 robe "Ahais" (worn) {Rampage Fly rElec}
   (You found it on level 5 of the Dungeon)

   It insulates you from electricity.
   It grants you flight.
   It bestows one free step when moving towards enemies.
 t - a +2 hat (worn)
 E - +0 acid dragon scales
Jewellery
 u - a +6 ring of strength
 z - a ring of willpower (left claw)
 A - a +6 ring of strength
 J - a ring of protection from cold
 K - an amulet of the acrobat
Wands
 h - a wand of iceblast (18)
 F - a wand of flame (20) (quivered)
 G - a wand of acid (28)
Scrolls
 f - 2 scrolls of blinking
 g - 6 scrolls of teleportation {@r4}
 j - 4 scrolls of fog
 m - 2 scrolls of amnesia
 n - 6 scrolls of identify {@r1}
 o - 4 scrolls of immolation
 q - 3 scrolls of noise
 v - a scroll of magic mapping
 y - a scroll of enchant armour
 D - 2 scrolls of fear
Potions
 a - 4 potions of flight
 b - 2 potions of lignification {unknown}
 c - 5 potions of mutation {unknown}
 e - a potion of brilliance {unknown}
 i - 4 potions of heal wounds {unknown}
 k - 7 potions of ambrosia
 l - 8 potions of curing {@q1}
 r - 2 potions of might {unknown}
 w - a potion of magic {unknown}
 x - a potion of invisibility
 B - a potion of berserk rage {unknown}
 C - 2 potions of attraction {unknown}
 H - a potion of resistance {unknown}


   Skills:
 + Level 9.0 Fighting
 - Level 2.9 Armour
 + Level 4.5 Dodging
 - Level 1.0 Stealth
 - Level 11.7 Unarmed Combat
 + Level 1.2 Transmutations
 + Level 2.0 Earth Magic
 - Level 5.0 Invocations


You had 10 spell levels left.
You didn't know any spells.
Your spell library contained the following spells:

 Spells                   Type           Power      Damage    Failure   Level
 Sting                    Tmut/Pois      4%         1d3       32%         1
 Shock                    Conj/Air       0%         1d3       38%         1
 Poisonous Vapours        Pois/Air       0%         N/A       52%         2
 Static Discharge         Conj/Air       0%         N/A       52%         2
 Ignite Poison            Fire/Tmut/Pois 0%         N/A       71%         3
 Conjure Flame            Conj/Fire      0%         6-21      77%         3
 Mephitic Cloud           Conj/Pois/Air  0%         N/A       77%         3
 Swiftness                Air            0%         N/A       77%         3
 Airstrike                Air            0%         N/A       99%         4
 Olgreb's Toxic Radiance  Pois           0%         N/A       99%         4
 Bolt of Magma            Conj/Fire/Erth 0%         4d4       100%        5
 Iskenderun's Battlesphe  Conj           0%         2d6       100%        5
 Lightning Bolt           Conj/Air       0%         1d11      100%        5
 Freezing Cloud           Conj/Ice/Air   0%         6-21      100%        6
 Iron Shot                Conj/Erth      0%         9d1       100%        6
 Orb of Destruction       Conj           0%         N/A       100%        7
 Spellforged Servitor     Conj/Summ      0%         N/A       100%        7


Dungeon Overview and Level Annotations

Branches:
Dungeon (11/15)            Temple (0/1) D:5            Lair (0/6) D:8
  Sewer (visited)         Ossuary (visited)
    Orc: D:9-12

Altars:
Fedhas
Hepliaklqana
Ru
Trog
Uskayaw
Vehumet

Shops:
D:6 (   D:10 :


Innate Abilities, Weirdness & Mutations

Your life essence is reduced to manifest your ancestor. (-10% HP)
You are too large for most types of armour.
You have claws for hands.
Your natural rate of healing is unusually fast.
You are covered in fur. (AC +1)
You have tough skin. (AC +1)


Message History

The seven-headed hydra grows two more!
You claw the nine-headed hydra!
The nine-headed hydra is heavily wounded.
Audrea hits the nine-headed hydra with a +0 dagger of draining.
The nine-headed hydra bites you.
The nine-headed hydra bites you but does no damage.
The nine-headed hydra barely misses you.
The nine-headed hydra bites you! x2; The nine-headed hydra bites you.
* * * LOW HITPOINT WARNING * * *
The nine-headed hydra bites you but does no damage. x2
The nine-headed hydra misses you.
You rip one of the nine-headed hydra's heads off!
The eight-headed hydra grows two more!
You mangle the ten-headed hydra!!
The ten-headed hydra is severely wounded.
Audrea casts a spell at the ten-headed hydra.
The ten-headed hydra resists with almost no effort.
The ten-headed hydra bites Audrea! x2
The ten-headed hydra barely misses Audrea.
The ten-headed hydra bites Audrea.
The ten-headed hydra bites Audrea!
Audrea is destroyed!
The ten-headed hydra bites you but does no damage.
The ten-headed hydra completely misses you.
The ten-headed hydra barely misses you. The ten-headed hydra bites you.
* * * LOW HITPOINT WARNING * * *
The ten-headed hydra bites you.
* * * LOW HITPOINT WARNING * * *
Aiming: Corrosive Bolt
Press: ? - help, Shift-Dir - straight line, f/p - ten-headed hydra
Aim: a ten-headed hydra (severely wounded, lightly drained, 90% to hit)
The bolt of acid hits the ten-headed hydra!
The ten-headed hydra is splashed with acid.
The acid corrodes the ten-headed hydra!
The ten-headed hydra is almost dead.
You hear a roar!
The ten-headed hydra bites you!
* * * LOW HITPOINT WARNING * * *
The ten-headed hydra closely misses you.
The ten-headed hydra barely misses you.
The ten-headed hydra bites you but does no damage.
The ten-headed hydra bites you!
You die...

##.##...##.#.#..(. #
##...............
.###............###.
#.#..#.#.###.#..###.
#..#.#.#.# #......). #
#.##.#(#.# #........ .#.#.
#.##.#.#.###....###.
......#.##.#......(...###.
#.§§D@...#####........
#.....######.# #.##.####
##.#.#######.#####.##.# #
..............##.#
#######.########.#
#..........# ############


You could see a ten-headed hydra (corroded, drained).

Vanquished Creatures
  A two-headed ogre (D:11)
  A manticore (D:11)
  Maurice (D:10)
  A komodo dragon (D:10)
  A kobold demonologist (D:11)
  A queen bee (D:10)
  A troll (D:10)
  A hornet (D:9)
  A wraith (Ossuary)
  4 yaks (D:10)
  2 steam dragons (D:8)
  Duvessa (D:6)
  A water moccasin (D:9)
  An acid dragon (D:8)
  3 orc warriors
  2 ice beasts
  A black bear (D:7)
  A necrophage (D:8)
  3 centaurs
  3 ogres
  A phantom (D:5)
  2 kobold brigands
  A gnoll sergeant (D:10)
  2 wyvern zombies (D:6)
  A scorpion (D:4)
  Dowan (D:6)
  A wyvern skeleton (D:7)
  12 killer bees (D:10)
  14 wights
  4 howler monkeys
  An electric eel (D:10)
  3 bullfrog zombies
  4 centaur zombies
  2 jellies (D:7)
  4 hounds
  A gnoll shaman (D:6)
  2 orc priests
  A centaur skeleton (D:7)
  A bullfrog skeleton (D:7)
  Natasha (D:4)
  2 iguanas
  8 orc wizards
  3 killer bee zombies
  A hound skeleton (D:5)
  14 gnolls
  12 adders
  A howler monkey skeleton (D:7)
  5 river rats (Sewer)
  3 white imps
  2 adder zombies (Ossuary)
  5 worms
  5 dart slugs
  A hexer (D:4)
  19 orcs
  10 ball pythons
  11 endoplasms
  4 giant cockroaches
  5 goblins
  6 hobgoblins
  9 jackals
  3 quokkas
  4 bats
  6 frilled lizards
  A hobgoblin skeleton (Ossuary)
  A hobgoblin zombie (Ossuary)
  25 kobolds
  3 orc skeletons (Ossuary)
  An orc zombie (Ossuary)
  23 rats
283 creatures vanquished.

Vanquished Creatures (collateral kills)
  A wraith (Ossuary)
  An orc warrior (D:4)
  An ice beast (D:6)
  A necrophage (D:5)
  5 killer bees (D:10)
  A crimson imp (D:11)
  A jelly (D:7)
  A centaur skeleton (D:7)
  Natasha (twice) (D:4)
  2 orc wizards (D:4)
  A gnoll (D:4)
  2 river rats (Sewer)
  An ufetubus (D:4)
  A worm (D:5)
  A jackal (D:4)
  A quokka (D:5)
  A ball python (Sewer)
  3 kobolds
  3 rats (Sewer)
30 creatures vanquished.

Vanquished Creatures (others)
  5 hexers
  4 plants
9 creatures vanquished.

Grand Total: 322 creatures vanquished

Notes
Turn   | Place    | Note
-------+----------+-------------------------------------------
     0 | D:1      | freelancePsychic the Troll Monk began the quest for the
                  | Orb.
     0 | D:1      | Reached XP level 1. HP: 22/22 MP: 0/0
    82 | D:1      | Reached XP level 2. HP: 29/29 MP: 1/1
   312 | D:1      | Found a faded altar of an unknown god.
   405 | D:1      | Reached XP level 3. HP: 36/36 MP: 2/2
   746 | D:2      | Reached skill level 4 in Unarmed Combat
   969 | D:2      | Reached XP level 4. HP: 45/45 MP: 3/3
  2086 | D:3      | Found a bloodstained altar of Trog.
  2086 | D:3      | Found a sacrificial altar of Ru.
  2091 | D:3      | Found a blossoming altar of Fedhas.
  2093 | D:3      | Found a radiant altar of Vehumet.
  2094 | D:3      | Found a hazy altar of Hepliaklqana.
  2097 | D:3      | Became a worshipper of Hepliaklqana the Forgotten
  2097 | D:3      | Reached * piety under Hepliaklqana
  2097 | D:3      | Reached ** piety under Hepliaklqana
  2153 | D:3      | Remembered your ancestor Audrea as a hexer
  2333 | D:4      | Reached skill level 5 in Unarmed Combat
  2333 | D:4      | Reached XP level 5. HP: 32/47 MP: 4/4
  2384 | D:4      | Noticed Natasha
  2389 | D:4      | Killed Natasha
  2451 | D:4      | Noticed Natasha
  2476 | D:4      | Killed Natasha
  2492 | D:4      | Noticed Natasha
  2633 | D:4      | Reached XP level 6. HP: 34/55 MP: 5/5
  2638 | D:4      | Reached skill level 6 in Unarmed Combat
  2649 | D:4      | Noticed an orc warrior
  2718 | D:4      | Killed an orc warrior
  2828 | D:4      | Killed Natasha
  2829 | D:4      | Reached XP level 7. HP: 63/63 MP: 6/6
  3061 | D:5      | Entered Level 5 of the Dungeon
  3075 | D:5      | Reached skill level 7 in Unarmed Combat
  3329 | D:5      | Reached skill level 1 in Invocations
  3466 | D:5      | Identified the +5 robe "Ahais" {Rampage Fly rElec}
  3519 | D:5      | Found a glowing drain.
  3529 | Sewer    | Entered a sewer
  4204 | D:5      | Reached XP level 8. HP: 69/71 MP: 8/8
  4235 | D:5      | Reached skill level 5 in Fighting
  4235 | D:5      | Reached skill level 8 in Unarmed Combat
  4393 | D:5      | Found a staircase to the Ecumenical Temple.
  5089 | D:6      | Found Nocaor's Hydra Hut.
  5090 | D:6      | Noticed a four-headed hydra
  5113 | D:6      | Reached *** piety under Hepliaklqana
  5273 | D:6      | Found a hide-covered altar of Uskayaw.
  5273 | D:6      | Noticed a +0 falchion
  5273 | D:6      | Noticed a +0 short sword
  5273 | D:6      | Noticed a +0 falchion
  5274 | D:6      | Noticed a +0 spear
  5274 | D:6      | Noticed a +0 dagger
  5274 | D:6      | Noticed a +0 spear
  5275 | D:6      | Noticed a +0 dagger
  5276 | D:6      | Noticed a +0 short sword
  5441 | D:6      | Noticed Duvessa
  5443 | D:6      | Noticed Dowan
  5450 | D:6      | Killed Duvessa
  5452 | D:6      | Killed Dowan
  5630 | D:6      | Reached XP level 9. HP: 76/82 MP: 11/11
  5677 | D:6      | Reached skill level 5 in Invocations
  6679 | D:7      | Reached skill level 9 in Unarmed Combat
  6915 | D:8      | Found a sand-covered staircase.
  6923 | Ossuary  | Entered an ossuary
  7250 | D:8      | Reached skill level 10 in Unarmed Combat
  7336 | D:8      | Reached **** piety under Hepliaklqana
  7455 | D:8      | Reached XP level 10. HP: 84/93 MP: 12/12
  7559 | D:8      | Found a staircase to the Lair.
  7875 | D:9      | Reached skill level 1 in Armour
  8215 | D:10     | Entered Level 10 of the Dungeon
  8269 | D:10     | Reached skill level 11 in Unarmed Combat
  8775 | D:10     | Noticed Maurice
  8785 | D:10     | Killed Maurice
  8786 | D:10     | Reached XP level 11. HP: 101/101 MP: 13/13
  8901 | D:10     | Found Ciujysm's Book Boutique.
  9077 | D:11     | Reached skill level 1 in Earth Magic
  9261 | D:11     | Noticed a two-headed ogre
  9265 | D:11     | Killed a two-headed ogre
  9304 | D:11     | Reached skill level 1 in Transmutations
  9410 | D:11     | Reached ***** piety under Hepliaklqana
  9410 | D:11     | Noticed a five-headed hydra
  9425 | D:11     | Mangled by a ten-headed hydra

Illustrated notes

Levels and vault maps discovered:
D:1:      dpeg_arrival_rhombus, layout_loops_cross,
          shapermc_ecumenical_altar_hornbeckon, roderic_roman_lattice
D:2:      layout_basic, due_unseen_surprise
D:3:      layout_loops_corners, chequers_temple_overflow_minitemple,
          minmay_door_square
D:4:      layout_rooms, uniq_natasha
D:5:      layout_basic, minmay_temple_entry_proselytizer,
          gup_sewer_entry_bubbles, lexackson_kobold_supper
D:6:      layout_basic, nicolae_uskayaw_en_pointe, minivault_1,
          doesnt_shop_hydraphobe, uniq_duvessa
D:7:      layout_basic, hangedman_minor_gate_pass
D:8:      layout_rooms, lair_entry_dummy, lightli_ossuary_entry_decrepit_ruins
D:9:      layout_cave_pools, kennysheep_generic_room_3
D:10:     layout_loops_ring, serial_shops, shop_fountains, special_room
          [special_room_bee], fungi_pond_lemuel, uniq_maurice
D:11:     layout_loops_ring, serial_shops, nicolae_shop_trees,
          grunt_ministairs_11, minmay_fire_ice_demons

Skill      XL: |  1  2  3  4  5  6  7  8  9 10 11 |
---------------+----------------------------------+-----
Unarmed Combat | 4 5 6 7 8 10 11 | 11.7
Fighting       | 3 4 6 7 8 9 |  9.0
Invocations    | 2 4 5 |  5.0
Armour         | 2 |  2.9
Dodging        | 4 |  4.5
Earth Magic    | 2 |  2.0
Transmutations | 1 |  1.2
Stealth        | |  1.0

Action                   |  1- 3 |  4- 6 |  7- 9 | 10-12 || total
-------------------------+-------+-------+-------+-------++-------
Melee: Unarmed           |    90 |   115 |   377 |   205 ||   787
       Punch             |       |     4 |    17 |    13 ||    34
Invok: Ancestor Life: He |       |     1 |       |       ||     1
       Ancestor Identity |       |     1 |       |       ||     1
       Recall Ancestor   |       |       |     2 |       ||     2
       Transference      |       |       |       |     1 ||     1
Evoke: Wand              |       |       |       |     7 ||     7
  Use: Scroll            |     2 |     4 |     7 |     1 ||    14
       Potion            |       |       |       |     1 ||     1
 Stab: Sleeping          |     1 |     1 |     8 |     2 ||    12
       Confused          |       |       |     5 |     6 ||    11
       Distracted        |       |       |     6 |     1 ||     7
Armor: Robe              |    28 |    45 |   114 |   110 ||   297
Dodge: Dodged            |    36 |    72 |   157 |   115 ||   380

Table legend: (Time is in decaauts)
 A = Elapsed time spent in this place.
 B = Non-inter-level travel time spent in this place.
 C = Inter-level travel time spent in this place.
 D = Time resting spent in this place.
 E = Time spent auto-exploring this place.
 F = Levels seen in this place.
 G = Mean time per level.
                   A        B        C        D        E       F      G
               +--------+--------+--------+--------+--------+-----+--------+
         Total |   9358 |   8932 |    426 |    152 |   6579 |  13 |  719.8 |
       Dungeon |   8587 |   8161 |    426 |    152 |   6109 |  11 |  780.6 |
         Sewer |    482 |    482 |      0 |      0 |    304 |   1 |  482.0 |
       Ossuary |    288 |    288 |      0 |      0 |    165 |   1 |  288.0 |
               +--------+--------+--------+--------+--------+-----+--------+

Top non-repeatable levels by time:
     D:5: 1348 daAuts
     D:6: 1265 daAuts
     D:3: 961 daAuts
    D:10: 772 daAuts
     D:7: 729 daAuts
     D:1: 724 daAuts
     D:2: 701 daAuts
     D:4: 680 daAuts
     D:8: 514 daAuts
   Sewer: 482 daAuts
     D:9: 479 daAuts
    D:11: 410 daAuts
 Ossuary: 288 daAuts
